Map: Newkirk Precinct TE (Void)

Players

NonY - Winner!

  • Race: Protoss Protoss
  • Spawn Location: 5:00

Pono

  • Race: Zerg Zerg
  • Spawn Location: 7:00

Event: WCS Austin 2017

VOD

Have the link to the VOD?

Description

Time

  • Played on: April 28, 2017, 3:01 p.m.
  • Length: 6:06

All games in this series

Show
View Real Time Build Order
Export as new Build Order

NonY Protoss - Winner!

Build Orders: 1 Gate Expand 

Get SALT Encoding   

  12  0:01  Probe (Chrono Boost)  
  13  0:11  Probe (Chrono Boost)  
  14  0:19  Pylon  
  14  0:22  Probe (Chrono Boost)  
  15  0:34  Assimilator  
  15  0:37  Probe (Chrono Boost)  
  16  0:44  Gateway  
  16  0:47  Probe (Chrono Boost)  
  17  0:58  Probe (Chrono Boost)  
  18  1:18  Nexus  
  18  1:21  Probe (Chrono Boost)  
  19  1:31  Cybernetics Core  
  19  1:34  Probe (Chrono Boost)  
  20  1:40  Assimilator  
  20  1:44  Probe (Chrono Boost)  
  21  1:55  Probe (Chrono Boost), Pylon  
  22  2:01  Warp Gate  
  22  2:07  Probe (Chrono Boost)  
  23  2:13  Adept  
  25  2:19  Probe (Chrono Boost)  
  26  2:27  Twilight Council  
  27  2:31  Probe x2 (Chrono Boost)  
  27  2:36  Gateway  
  28  2:43  Probe (Chrono Boost)  
  28  2:44  Probe (Chrono Boost)  
  30  2:46  Adept  
  32  2:54  Probe x2 (Chrono Boost)  
  34  2:59  Resonating Glaives  
  34  3:04  Probe (Chrono Boost)  
  35  3:08  Pylon  
  36  3:13  Probe (Chrono Boost)  
  36  3:15  Probe (Chrono Boost)  
  37  3:26  Probe x2 (Chrono Boost)  
  37  3:29  Robotics Facility  
  37  3:34  Sentry, Gateway  
  39  3:38  Probe x2 (Chrono Boost)  
  39  3:41  Sentry  
  43  3:52  Gateway  
  43  3:53  Probe (Chrono Boost)  
  43  3:54  Probe (Chrono Boost)  
  45  4:04  Probe x2 (Chrono Boost), Gateway  
  47  4:10  Warp Prism  
  47  4:12  Adept  
  49  4:19  Gateway  
  49  4:20  Gateway  
  49  4:23  Adept  
  51  4:28  Pylon  
  51  4:30  Mothership Core (Chrono Boost)  
  53  4:32  Pylon  
  53  4:41  Pylon  
  53  4:58  Adept  
  53  4:59  Adept  
  55  5:00  Adept x2  
  55  5:07  Pylon x2  
  59  5:30  Adept x7  
  73  5:52  Adept x5  
  73  5:53  Adept x2  
Show
View Real Time Build Order
Export as new Build Order

Pono Zerg 

Build Orders: Pool First 

Get SALT Encoding   

  12  0:02  Drone  
  13  0:13  Overlord  
  13  0:19  Drone  
  14  0:31  Drone  
  14  0:32  Drone  
  14  0:35  Drone  
  17  0:49  Spawning Pool  
  16  0:51  Drone  
  17  1:13  Hatchery  
  16  1:35  Queen  
  18  1:49  Hatchery  
  18  1:53  Drone x2  
  19  1:56  Drone  
  19  1:58  Extractor  
  19  2:04  Drone  
  20  2:14  Queen  
  22  2:25  Drone  
  22  2:26  Drone x2  
  25  2:35  Queen  
  27  2:45  Overlord  
  27  2:46  Drone  
  28  2:59  Metabolic Boost  
  28  3:02  Drone x3  
  28  3:03  Drone  
  32  3:07  Drone  
  32  3:09  Drone  
  33  3:23  Drone x3  
  35  3:29  Drone x2  
  35  3:30  Drone  
  35  3:33  Drone  
  40  3:34  Drone  
  40  3:37  Drone  
  40  3:38  Drone  
  42  3:43  Overlord  
  42  3:48  Spore Crawler  
  40  3:51  Zergling x4  
  41  4:03  Zergling x14  
  41  4:08  Drone x3  
  49  4:10  Drone  
  50  4:17  Overlord  
  50  4:18  Overlord  
  50  4:31  Extractor  
  49  4:32  Roach Warren  
  49  4:33  Extractor  
  49  4:36  Zergling x4  
  49  4:37  Zergling x8  
  53  4:41  Drone  
  53  4:42  Drone x3  
  55  4:56  Zergling x8  
  55  4:57  Zergling x8  
  60  5:03  Queen  
  61  5:17  Roach  
  61  5:18  Roach  
  61  5:19  Overlord x2  
  65  5:32  Overlord  
  64  5:36  Roach  
  64  5:38  Roach x4  
  71  5:47  Roach x2  
  71  5:48  Zergling x2  
  71  5:49  Zergling x12  
Tags
 
Add a new tag
Caveats
  • Supply blocks, unpowered buildings, or Contaminate may cause inaccurate times.
  • Supply counts are checked every 10 seconds.